 Dungeon Crawl Stone Soup version 0.29-a0-334-gb41bcbb86e (webtiles) character file.

Game seed: 5406849331859270122

70 Jortsu the Shield-Bearer (level 4, -1/44 HPs)
             Began as a Troll Fighter on Apr 15, 2022.
             Was a Follower of Wu Jian.
             Slain by a hobgoblin (4 damage)
             ... on level 3 of the Dungeon.
             The game lasted 00:03:14 (1369 turns).

Jortsu the Shield-Bearer (Troll Fighter)            Turns: 1369, Time: 00:03:15

Health: -1/44      AC:  4    Str: 24    XL:     4   Next: 3%
Magic:  3/3        EV:  9    Int:  4    God:    Wu Jian [*.....]
Gold:   37         SH:  7    Dex: 11    Spells: 3/3 levels left

rFire   . . .      SeeInvis .   a - +0 flail (venom)
rCold   . . .      Faith    .   c - +0 kite shield
rNeg    . . .      Spirit   .   b - +0 robe
rPois   .          Reflect  .   (helmet restricted)
rElec   .          Harm     .   (no cloak)
rCorr   .          Rampage  .   (gloves unavailable)
Will    .....                   (boots unavailable)
Stlth   +.........              (no amulet)
HPRegen 0.94/turn               (no ring)
MPRegen 0.08/turn               (no ring)

@: no status effects
A: large, unfitting armour, claws 3, regeneration 1, shaggy fur 1, tough skin 1
a: Renounce Religion


You were on level 3 of the Dungeon.
You worshipped Wu Jian.
Wu Jian was aware of your devotion.
You visited 1 branch of the dungeon, and saw 3 of its levels.

You collected 37 gold pieces.

Inventory:

Hand Weapons
 a - a +0 flail of venom (weapon)
Armour
 b - a +0 robe (worn)
 c - a +0 kite shield (worn)
Potions
 d - a potion of might
 e - 2 potions of flight
 f - a potion of brilliance
 g - 2 potions of curing {unknown}
 i - a potion of degeneration {unknown}


   Skills:
 + Level 2.7 Fighting
 + Level 2.4 Maces & Flails
 + Level 2.9 Dodging
 + Level 3.1 Shields


You had 3 spell levels left.
You didn't know any spells.
Your spell library contained the following spells:

 Spells                   Type           Power      Damage    Failure   Level
 Dazzling Flash           Conj/Hex       0%         N/A       99%         3
 Agony                    Necr           0%         N/A       100%        5
 Silence                  Hex/Air        0%         N/A       100%        5


Dungeon Overview and Level Annotations

Branches:
Dungeon (3/15)

Altars:
Wu Jian


Innate Abilities, Weirdness & Mutations

You are too large for most types of armour.
You have claws for hands.
Your natural rate of healing is unusually fast.
You are covered in fur. (AC +1)
You have tough skin. (AC +1)


Message History

You completely miss something. You block the orc's attack. Something hits you.
You block the hobgoblin's attack. You block the orc's attack.
You block the hobgoblin's attack. Something hits you but does no damage.
You closely miss something. Something hits you. You block the orc's attack.
The hobgoblin misses you.
You hit something but do no damage. The orc barely misses you.
Something hits you but does no damage. The hobgoblin barely misses you.
You miss something. You block the orc's attack.
You hear some strange, mumbled words.
You are confused.
The hobgoblin closely misses you. The orc hits you with a +0 flail!
Something hits you. The hobgoblin misses you.
You sock the orc!
You kill the orc!
The Council accepts your kill.
You hear some strange, mumbled words.
A magic dart appears from out of thin air!
The magic dart hits you. The hobgoblin hits you.
You miss something.
You hear some strange, mumbled words.
A puff of flame appears from out of thin air!
The puff of flame hits you!
The hobgoblin hits you but does no damage.
The hobgoblin closely misses you. Something hits you.
* * * LOW HITPOINT WARNING * * *
You're too confused to move!
The hobgoblin hits you.
* * * LOW HITPOINT WARNING * * *
You hear some strange, mumbled words.
A puff of flame appears from out of thin air!
The puff of flame hits you!
* * * LOW HITPOINT WARNING * * *
You completely miss something.
You feel less confused. Something hits you.
* * * LOW HITPOINT WARNING * * *
The hobgoblin misses you.
You barely miss something. Something hits you.
* * * LOW HITPOINT WARNING * * *
The hobgoblin barely misses you. The hobgoblin hits you.
You die...

#...........#
#...........##
#..!.........
#..........##
#...........#
#...........#
##......)....#
#......@{....#
#.......g#.#.#
#........#
#........#
#........#
#........#####
#.............
#.....)..#####
######†#.#


You could see a hobgoblin.

Vanquished Creatures
  An adder (D:3)
  A worm (D:2)
  2 dart slugs
  3 orcs (D:3)
  4 endoplasms (D:1)
  A giant cockroach (D:2)
  2 goblins (D:1)
  6 hobgoblins
  3 jackals (D:1)
  3 quokkas
  4 ball pythons
  4 bats
  3 frilled lizards (D:1)
  3 kobolds
  7 rats
47 creatures vanquished.

Notes
Turn   | Place    | Note
-------+----------+-------------------------------------------
     0 | D:1      | Jortsu the Troll Fighter began the quest for the Orb.
     0 | D:1      | Reached XP level 1. HP: 22/22 MP: 0/0
    69 | D:1      | Reached XP level 2. HP: 29/29 MP: 1/1
   253 | D:1      | Reached XP level 3. HP: 36/36 MP: 2/2
  1088 | D:2      | Found a faded altar of an unknown god.
  1088 | D:2      | Noticed a shining eye
  1092 | D:2      | Noticed a golden eye
  1097 | D:2      | Noticed a golden eye
  1100 | D:2      | Noticed a shining eye
  1105 | D:2      | Prayed at the altar of an unknown god.
  1105 | D:2      | Became a worshipper of the Wu Jian Council
  1105 | D:2      | Reached * piety under Wu Jian
  1329 | D:3      | Reached skill level 3 in Shields
  1353 | D:3      | Reached XP level 4. HP: 43/44 MP: 3/3
  1369 | D:3      | Slain by a hobgoblin

Illustrated notes

Levels and vault maps discovered:
D:1:      minmay_arrival_wavy_path, layout_loops_ring
D:2:      layout_loops_ring, hellmonk_ecumenical_altar_watching_god
D:3:      minmay_wonky_spiral, layout_basic, gammafunk_temple_overflow_statue,
          gammafunk_ghost_gnarly_gnolls

Skill      XL: |  1  2  3 |
---------------+----------+-----
Maces & Flails | 2 |  2.4
Shields        | 3 |  3.1
Fighting       | |  2.7
Dodging        | |  2.9

Action                   |  1- 3 |  4- 6 || total
-------------------------+-------+-------++-------
Melee: Flail             |   147 |    12 ||   159
Invok: Lunge             |     7 |       ||     7
  Use: Scroll            |     6 |       ||     6
Armor: Robe              |    57 |     7 ||    64
Dodge: Dodged            |    65 |     9 ||    74
Block: Kite shield       |    69 |    11 ||    80

Table legend: (Time is in decaauts)
 A = Elapsed time spent in this place.
 B = Non-inter-level travel time spent in this place.
 C = Inter-level travel time spent in this place.
 D = Time resting spent in this place.
 E = Time spent auto-exploring this place.
 F = Levels seen in this place.
 G = Mean time per level.
                   A        B        C        D        E       F      G
               +--------+--------+--------+--------+--------+-----+--------+
         Total |   1433 |   1376 |     57 |     25 |    891 |   3 |  477.7 |
       Dungeon |   1433 |   1376 |     57 |     25 |    891 |   3 |  477.7 |
               +--------+--------+--------+--------+--------+-----+--------+

Top non-repeatable levels by time:
     D:1: 755 daAuts
     D:2: 617 daAuts
     D:3: 60 daAuts
